 Dungeon Crawl Stone Soup version 0.19-a0-1827-g174f941 (webtiles) character file.

88 jerryfan the Chiller (level 4, -3/37 HPs)
             Began as a Draconian Ice Elementalist on Oct 7, 2016.
             Killed by divine providence
             ... invoked by an orc priest
              (12 damage)
             ... on level 3 of the Dungeon.
             The game lasted 00:15:17 (2547 turns).

jerryfan the Chiller (Draconian Ice Elementalist)   Turns: 2547, Time: 00:15:18

Health: -3/37      AC:  6    Str: 10    XL:     4   Next: 29%
Magic:  7/7        EV: 12    Int: 17    God:
Gold:   132        SH:  0    Dex: 11    Spells: 4 memorised, 3 levels left

rFire  . . .     SeeInvis .     e - +1 whip (pain)
rCold  . . .     Gourm    .     (armour unavailable)
rNeg   . . .     Faith    .     (no shield)
rPois  .         Spirit   .     (helmet restricted)
rElec  .         Dismiss  .     (no cloak)
rCorr  .         Reflect  .     (no gloves)
MR     +....     Harm     .     k - +0 pair of boots
Stlth  ++........               (no amulet)
                                (no ring)
                                (no ring)

@: no status effects
A: unfitting armour, blurry vision 1, low mp 1, magic resistance 1, robust 1,
cold-blooded, AC +5
a: no special abilities


You were on level 3 of the Dungeon.
You were not hungry.

You visited 1 branch of the dungeon, and saw 3 of its levels.

You collected 132 gold pieces.

Inventory:

Hand Weapons
 e - a +1 whip of pain (weapon)
Armour
 k - a +0 pair of boots (worn)
Jewellery
 g - a cursed ring of teleportation {unknown}
 l - an uncursed ring of fire {unknown}
Wands
 n - a wand of iceblast (10/15)
Potions
 c - 2 potions of curing
 d - 2 potions of magic
 j - a potion of cancellation {unknown}
Books
 a - a book of Frost

   Spells                             Type                      Level
   a - Freeze                         Ice                          1
   b - Throw Frost                    Conjuration/Ice              2
   c - Ozocubu's Armour               Charms/Ice                   3
   d - Throw Icicle                   Conjuration/Ice              4
   e - Summon Ice Beast               Ice/Summoning                4
 f - a book of Cantrips

   Spells                             Type                      Level
   a - Confusing Touch                Hexes                        1
   b - Animate Skeleton               Necromancy                   1
   c - Summon Small Mammal            Summoning                    1
   d - Apportation                    Translocation                1
Comestibles
 b - 2 bread rations
 h - a beef jerky
 i - 2 chunks of flesh
 m - a meat ration
 o - a slice of pizza


   Skills:
 + Level 0.7 Fighting
 + Level 1.4 Maces & Flails
 + Level 2.1 Dodging
 + Level 1.9 Stealth
 + Level 0.2 Unarmed Combat
 + Level 2.6 Spellcasting
 + Level 1.0 Conjurations
 * Level 0.2 Necromancy
 + Level 3.8 Ice Magic


You had 3 spell levels left.
You knew the following spells:

 Your Spells              Type           Power        Failure   Level  Hunger
a - Freeze                Ice            ###.         3%          1    #......
b - Throw Frost           Conj/Ice       ##....       12%         2    ##.....
c - Animate Skeleton      Necr           N/A          21%         1    #......
d - Summon Small Mammal   Summ           #...         21%         1    #......


Dungeon Overview and Level Annotations

Branches:
Dungeon (3/15)

Altars:

Annotations:
D:3 Crazy Yiuf, Terence


Innate Abilities, Weirdness & Mutations

Your plain brown scales are hard. (AC +5)
You cannot fit into any form of body armour.
You are cold-blooded and may be slowed by cold attacks.
Scrolls take you a little longer to read.
Your magical capacity is low. (-10% MP)
You are resistant to hostile enchantments. (MR+)
You are robust. (+10% HP)


Message History

Crazy Yiuf shouts!
Terence hits you but does no damage.
Found a mace.
Your magical contamination has completely faded away.
There is an open door here.
You barely miss Crazy Yiuf. Crazy Yiuf barely misses you.
Terence completely misses you.
You hit Crazy Yiuf.
Crazy Yiuf is lightly wounded.
Crazy Yiuf barely misses you. Terence closely misses you.
You hit Crazy Yiuf but do no damage.
Crazy Yiuf is lightly wounded.
Crazy Yiuf hits you but does no damage. Terence hits you with a morningstar!
Crazy Yiuf hits you with a quarterstaff of chaos!
* * * LOW HITPOINT WARNING * * *
Crazy Yiuf burns you.
* * * LOW HITPOINT WARNING * * *
The orc priest mumbles some strange prayers to Beogh against you.
Beogh smites you!
You die...

#####
#)..#
#.@.#
#.g.#
##@##
#.##
##o#
#o##
##.#
##.##
##...#


You could see Terence, Crazy Yiuf, an orc priest and an orc.

Vanquished Creatures
  3 adders (D:2)
  A worm (D:2)
  A dart slug (D:1)
  2 orcs (D:3)
  A giant cockroach (D:1)
  9 goblins
  4 hobgoblins
  4 jackals (D:2)
  8 kobolds
  3 bats
  2 frilled lizards (D:1)
  7 rats
  A plant (D:1)
46 creatures vanquished.

Vanquished Creatures (collateral kills)
  A goblin (D:2)
  A hobgoblin (D:2)
  2 kobolds (D:2)
  A quokka (D:2)
  3 bats (D:2)
  2 rats (D:2)
10 creatures vanquished.

Grand Total: 56 creatures vanquished

Notes
Turn   | Place    | Note
-------+----------+-------------------------------------------
     0 | D:1      | jerryfan the Draconian Ice Elementalist began the quest for the Orb.
     0 | D:1      | Reached XP level 1. HP: 14/14 MP: 3/3
   331 | D:1      | Reached XP level 2. HP: 5/22 MP: 0/5
   623 | D:1      | Gained mutation: Scrolls take you a little longer to read. [potion of mutation]
   623 | D:1      | Gained mutation: You are resistant to hostile enchantments. (MR+) [potion of mutation]
   623 | D:1      | Gained mutation: Your muscles are strong. (Str +2) [potion of mutation]
  1189 | D:1      | Learned a level 2 spell: Throw Frost
  1510 | D:2      | Gained mutation: Your magical capacity is low. (-10% MP) [potion of mutation]
  1510 | D:2      | Gained mutation: You are robust. (+10% HP) [potion of mutation]
  1510 | D:2      | Lost mutation: Your muscles are strong. (Str +2) [potion of mutation]
  1513 | D:2      | Learned a level 1 spell: Animate Skeleton
  1515 | D:2      | Learned a level 1 spell: Summon Small Mammal
  1536 | D:2      | Reached XP level 3. HP: 20/29 MP: 5/5
  2099 | D:2      | Reached skill level 1 in Maces & Flails
  2150 | D:2      | Reached XP level 4. HP: 36/37 MP: 4/7
  2517 | D:3      | Noticed Terence
  2537 | D:3      | Found a runed door.
  2541 | D:3      | Noticed Crazy Yiuf
  2547 | D:3      | Killed from afar by an orc priest

Vault maps used:
D:1:      minmay_arrival_cross, minmay_misc_feat_square, serial_bayou_ford_a
D:2:      kennysheep_generic_room_6
D:3:      uniq_crazy_yiuf_cottage, uniq_terence, uniq_iyjb

Skill      XL: |  1  2  3 |
---------------+----------+-----
Dodging        | 2 |  2.1
Maces & Flails | 1 |  1.4
Fighting       | |  0.7
Stealth        | |  1.9
Unarmed Combat | |  0.2
Spellcasting   | |  2.6
Conjurations   | |  1.0
Necromancy     | |  0.2
Ice Magic      | |  3.8

Action                   |  1- 3 |  4- 6 || total
-------------------------+-------+-------++-------
Melee: Unarmed           |    15 |       ||    15
       Whip              |   201 |    27 ||   228
       Tailslap          |    25 |     2 ||    27
 Cast: Freeze            |    23 |       ||    23
       Throw Frost       |     3 |       ||     3
       Animate Skeleton  |     5 |     3 ||     8
       Summon Small Mamm |     2 |       ||     2
  Use: Potion            |     5 |       ||     5
       Scroll            |     4 |     1 ||     5
 Stab: Distracted        |     1 |       ||     1
  Eat: Chunk             |     4 |     2 ||     6
Armor: Skin              |    48 |     5 ||    53
Dodge: Dodged            |   123 |    23 ||   146
